 Dungeon Crawl Stone Soup version 0.25.0-11-g1f837a76a1 (webtiles) character file.

Game seed: 2168008291669230898

159297 Flugkiller the Severer (level 16, -3/160 HPs)
             Began as a Deep Dwarf Fighter on June 24, 2020.
             Was the Champion of Makhleb.
             Slain by an ancient champion
             ... wielding a +2 vorpal great mace
              (4 damage)
             ... on level 2 of the Vaults.
             The game lasted 00:16:53 (16189 turns).

Flugkiller the Severer (Deep Dwarf Fighter)        Turns: 16189, Time: 00:16:53

Health: -3/160     AC: 25    Str: 37      XL:     16   Next: 55%
Magic:  18/18      EV:  8    Int:  7 (9)  God:    Makhleb [******]
Gold:   1267       SH: 14    Dex: 12      Spells: 15/15 levels left

rFire    + + .     SeeInvis .   k - +2 broad axe (vamp)
rCold    + . .     Gourm    .   c - +0 kite shield
rNeg     + . .     Faith    +   f - +1 plate armour
rPois    +         Spirit   .   C - +3 helmet of Mirecsapp {Str+4}
rElec    .         Reflect  .   E - scarf {rC+ rF+}
rCorr    .         Harm     .   (no gloves)
MR       +....                  (no boots)
Stlth    ..........             v - amulet of faith
HPRegen  0.00/turn              o - ring "Iryfib" {rPois rF+ MR- Str+6 Slay+3}
MPRegen  0.16/turn              p - +4 ring of protection

@: flying (expiring), non-regenerating
A: damage resistance, heal wounds, negative energy resistance 1, sense
surroundings 2, no regeneration
}: 2/15 runes: decaying, gossamer
a: Heal Wounds, Minor Destruction, Lesser Servant of Makhleb, Major Destruction,
Greater Servant of Makhleb, Renounce Religion


You were on level 2 of the Vaults.
You worshipped Makhleb.
Makhleb was exalted by your worship.
You were not hungry.

You visited 5 branches of the dungeon, and saw 29 of its levels.
You also visited: Sewer and Gauntlet.

You collected 1514 gold pieces.
You spent 247 gold pieces at shops.

Inventory:

Hand Weapons
 a - a +2 broad axe of electrocution
   (You acquired it on level 3 of the Spider Nest)
 k - a +2 vampiric broad axe (weapon)
   (You acquired it on level 14 of the Dungeon)
 y - a +2 vorpal broad axe
   (You took it off Maggie on level 9 of the Dungeon)
Missiles
 F - 2 throwing nets (quivered)
Armour
 c - a +0 kite shield (worn)
 f - a +1 plate armour (worn)
   (You found it on level 3 of the Dungeon)
 C - the +3 helmet of Mirecsapp (worn) {Str+4}
   (You found it on level 4 of the Swamp)

   It affects your strength (+4).
 E - a scarf of resistance (worn)
   (You found it on level 9 of the Dungeon)
 U - a +2 cloak of stealth
   (You found it in a Gauntlet)
Jewellery
 l - a +6 ring of dexterity
   (You found it on level 6 of the Dungeon)
 m - an uncursed ring of protection from magic
   (You found it on level 12 of the Dungeon)
 o - the ring "Iryfib" (left hand) {rPois rF+ MR- Str+6 Slay+3}
   (You found it on level 8 of the Dungeon)

   [ring of poison resistance]

   It affects your strength (+6).
   It affects your accuracy and damage with ranged weapons and melee attacks
   (+3).
   It protects you from fire.
   It protects you from poison.
   It affects your resistance to hostile enchantments.
 p - a +4 ring of protection (right hand)
   (You found it on level 4 of the Dungeon)
 v - an amulet of faith (around neck)
   (You found it on level 6 of the Dungeon)
Wands
 i - a wand of clouds (10)
   (You found it on level 3 of the Spider Nest)
 L - a wand of enslavement (34)
   (You found it on level 4 of the Dungeon)
 N - a wand of iceblast (6)
   (You found it on level 4 of the Lair of Beasts)
 Q - a wand of paralysis (7)
   (You found it on level 12 of the Dungeon)
 S - a wand of acid (4)
   (You found it on level 13 of the Dungeon)
Scrolls
 b - a scroll of magic mapping
 h - a scroll of silence
 s - 3 scrolls of immolation
 t - 20 scrolls of teleportation
 u - a scroll of summoning
 x - 8 scrolls of remove curse
 z - a scroll of blinking
 J - 2 scrolls of enchant armour
 M - a scroll of fear
Potions
 d - 2 potions of might
 g - 6 potions of ambrosia
 j - 2 potions of flight
 n - 5 potions of resistance
 q - 3 potions of curing
 w - 7 potions of heal wounds
 A - 2 potions of lignification
 D - a potion of berserk rage
 G - a potion of brilliance
 H - 3 potions of stabbing
 P - a potion of haste {unknown}
 V - 2 potions of magic
Miscellaneous
 R - a tin of tremorstones (3/3)
   (You found it on level 13 of the Dungeon)
Comestibles
 e - 24 rations
 r - 2 chunks of flesh


   Skills:
 * Level 14.3 Fighting
 - Level 18.0 Axes
 + Level 12.6 Armour
 + Level 12.5 Shields
 + Level 13.9 Invocations
 - Level 6.0 Evocations


You had 15 spell levels left.
You didn't know any spells.
Your spell library was empty.

Dungeon Overview and Level Annotations

Branches:
Dungeon (15/15)            Temple (0/1) D:7            Lair (4/6) D:10
  Swamp (4/4) Lair:3       Spider (4/4) Lair:4          Orc (0/2) D:12
 Vaults (2/5) D:14         Depths (0/5) D:15          Sewer (visited)
Gauntlet (visited)
  Crypt: Vaults:2-3

Altars:
Elyvilon
Kikubaaqudgha
Makhleb
Sif Muna
Trog
Uskayaw
Vehumet
Xom
Yredelemnul
Zin

Shops:
D:6 [   D:14 ?

Annotations:
D:6 3 runed translucent doors, Matador8's ghost, amateur NaSu
D:8 1 transporter
D:14 3 runed translucent doors, Cicylist's ghost, journeyman FoFi; Cown's ghost, journeyman TrHu; Ograne's ghost, journeyman GrGl; Wociock's ghost, journeyman DgWz
Vaults:2 Asterion; Sojobo


Innate Abilities, Weirdness & Mutations

You are resistant to damage.
You can heal yourself by infusing magical energy.
You resist negative energy. (rN+)
You passively map the area around you.
You do not regenerate.


Message History

Sojobo hits your balrug with a +0 vorpal great sword!!
Sojobo pecks your balrug! Sojobo claws your balrug!
Your balrug gestures at Sojobo.
The fireball explodes!
The fireball engulfs Sojobo!
Sojobo resists.
The fireball engulfs the air elemental!!!
The air elemental is destroyed!
The fireball engulfs your balrug.
Your balrug completely resists.
Asterion prays to Makhleb.
You feel much better.
You are engulfed in raging winds.
The ancient champion hits you with a +2 vorpal great mace!
* * * LOW HITPOINT WARNING * * *
x2 Asterion hits you with a +1 vorpal broad axe!
* * * LOW HITPOINT WARNING * * *
Asterion hits your balrug with a +1 vorpal broad axe!
Your balrug dies!
Asterion gores you. The balrug closely misses you.
The ancient champion hits you with a +2 vorpal great mace!!
* * * LOW HITPOINT WARNING * * *
You die...

.###..* ,
*,z#(#..######## ,
, , #§.'......#, ,
#).....# * *
#......+ * * * *
#......# , ^
#########§§§§§§# *
, ,
#.......#§§§2z§#,
* * ,
#.......#§§H@§§# ,
, ,
#..<....#§§2Q§§#**
, ,
#.......§§§§§§§# ,
* ,
,#.......#§§§§§§#
, #.....^.########
,, ###'#########
#.........# ,
#.........# ,
#..<..)...# , *


You could see Sojobo (repels missiles, resistant), Asterion (fast), a cacodemon
(summoned), a balrug (summoned) and an ancient champion (fast).

Vanquished Creatures
  Rupert (D:12)
  A thorn hunter (Swamp:4)
  4 ghost moths
  2 vault wardens (Vaults:1)
  3 emperor scorpions (Spider:4)
  A spriggan defender (Vaults:2)
  An ironheart preserver (Vaults:1)
  2 entropy weavers (Spider:4)
  A minotaur (Gauntlet)
  A dire elephant (D:15)
  Harold (D:10)
  A fire dragon (Vaults:1)
  3 ice dragons (Swamp:4)
  A great orb of eyes (Vaults:1)
  2 ghost crabs
  A shambling mangrove (Swamp:4)
  6 hydras
  A queen ant (Spider:4)
  2 death scarabs (Gauntlet)
  A death yak (Lair:4)
  4 alligators
  3 centaur warriors (D:14)
  4 two-headed ogres
  2 ogre magi
  A deep elf knight (D:14)
  A spectral catoblepas (Gauntlet)
  A spectral death yak (Gauntlet)
  2 unseen horrors
  A glowing orange brain (Vaults:1)
  An ironbrand convoker (Vaults:1)
  A wizard (Vaults:1)
  3 orc knights (Vaults:1)
  16 orb spiders
  23 wolf spiders
  4 deep elf magi (D:14)
  3 cyclopes
  5 ugly things
  A moth of wrath (Spider:3)
  An elephant (D:10)
  2 manticores
  A black mamba (Lair:3)
  A centaur skeleton (D:15)
  Joseph (D:9)
  A torpor snail (Lair:4)
  A vault sentinel (Vaults:1)
  Maggie (D:9)
  2 gargoyles
  11 spiny frogs
  4 komodo dragons
  3 rime drakes (Lair:4)
  5 freezing wraiths
  A kobold demonologist (D:14)
  9 demonic crawlers
  2 yaktaurs
  An entropy weaver simulacrum (Vaults:1)
  2 queen bees
  3 trolls
  28 jumping spiders
  A wind drake (shapeshifter) (Vaults:1)
  3 meliai (Lair:4)
  6 hornets
  A raiju (Gauntlet)
  6 tyrant leeches
  7 hippogriffs
  2 bog bodies (Swamp:4)
  15 slime creatures
  7 blink frogs
  49 redbacks
  A vampire (D:10)
  19 tarantellas
  A wraith (D:11)
  5 wyverns
  15 yaks
  2 basilisks (D:10)
  Grum (D:10)
  2 swamp worm simulacra (Swamp:4)
  3 vampire mosquitoes (Swamp:1)
  Menkaure (D:4)
  2 steam dragons
  9 swamp worms
  A warg (Vaults:1)
  An acid dragon (D:15)
  3 water moccasins
  11 soldier ants (Spider:4)
  15 hydra simulacra (Swamp:4)
  2 porcupines
  An ice beast (D:11)
  A necrophage (D:8)
  6 orc warriors
  An eye of draining (D:14)
  3 black bears
  3 sky beasts
  5 ogres
  6 phantoms
  3 wolves
  3 boggarts (Vaults:1)
  7 centaurs
  8 crocodiles
  6 big kobolds
  11 bullfrogs
  4 scorpions
  44 killer bees
  3 wights (D:10)
  6 crimson imps
  3 howler monkeys
  4 centaur zombies
  A jelly (D:5)
  3 quasits
  2 bullfrog zombies
  7 hounds
  2 bullfrog skeletons
  6 orc priests
  7 orc wizards
  4 iguanas
  26 worker ants
  A worker ant zombie (D:10)
  8 gnolls
  18 adders
  4 river rats (Sewer)
  2 shadow imps
  An ooze (D:1)
  A swamp drake simulacrum (Swamp:4)
  An adder zombie (D:9)
  3 adder skeletons
  A worm (D:3)
  2 dart slugs (D:1)
  4 leopard geckos
  31 orcs
  6 ball pythons
  A bat zombie (D:3)
  3 giant cockroaches
  3 hobgoblins (D:3)
  A jackal (D:5)
  18 kobolds
  6 quokkas
  4 bats
  7 frilled lizards
  4 goblins
  A leopard gecko skeleton (D:5)
  A quokka zombie (D:6)
  24 rats
  2 rat zombies (D:3)
  A spectral orc (D:8)
  A plant (Lair:4)
729 creatures vanquished.

Vanquished Creatures (collateral kills)
  A ghost moth (Spider:4)
  3 emperor scorpions (Spider:4)
  2 hydras (Lair:3)
  2 orb spiders (Spider:4)
  2 wolf spiders (Spider:4)
  3 jumping spiders (Spider:4)
  A tarantella (Spider:4)
  5 redbacks (Spider:4)
  2 swamp worms (Lair:3)
21 creatures vanquished.

Vanquished Creatures (others)
  A hydra (Swamp:4)
  An alligator (Swamp:4)
  A spiny frog (Swamp:2)
  A tarantella (Spider:3)
  An ogre (D:14)
  9 demonic plants (Gauntlet)
14 creatures vanquished.

Grand Total: 764 creatures vanquished

Notes
Turn   | Place    | Note
-------+----------+-------------------------------------------
     0 | D:1      | Flugkiller the Deep Dwarf Fighter began the quest for the
                  | Orb.
     0 | D:1      | Reached XP level 1. HP: 20/20 MP: 1/1
   116 | D:1      | Reached XP level 2. HP: 27/27 MP: 2/2
   464 | D:2      | Reached XP level 3. HP: 24/34 MP: 3/3
   528 | D:2      | Found a faded altar of an unknown god.
   586 | D:3      | Reached skill level 3 in Axes
   742 | D:3      | Reached XP level 4. HP: 42/42 MP: 3/3
   796 | D:3      | Found an ancient bone altar of Kikubaaqudgha.
   837 | D:3      | Found a burning altar of Makhleb.
   958 | D:3      | Became a worshipper of Makhleb the Destroyer
   968 | D:3      | Reached skill level 12 in Axes
   968 | D:3      | Reached XP level 5. HP: 49/49 MP: 4/4
  1042 | D:4      | Noticed Menkaure
  1053 | D:4      | Killed Menkaure
  1053 | D:4      | Reached XP level 6. HP: 33/56 MP: 5/5
  1129 | D:4      | Found a bloodstained altar of Trog.
  1233 | D:4      | Found a shimmering blue altar of Sif Muna.
  1321 | D:4      | Reached skill level 1 in Invocations
  1398 | D:5      | Entered Level 5 of the Dungeon
  1438 | D:5      | Found a radiant altar of Vehumet.
  1525 | D:5      | Found a glowing drain.
  1534 | Sewer    | Entered a sewer
  1576 | Sewer    | Reached * piety under Makhleb
  1805 | Sewer    | Reached XP level 7. HP: 63/63 MP: 7/7
  1896 | Sewer    | Reached ** piety under Makhleb
  2543 | D:5      | Found a shimmering altar of Xom.
  2543 | D:5      | Found a glowing silver altar of Zin.
  2544 | D:5      | Noticed an angel
  2772 | D:6      | Reached XP level 8. HP: 70/73 MP: 8/8
  2831 | D:6      | Noticed Matador8's ghost (amateur NaSu)
  2833 | D:6      | Found a runed translucent gate.
  2833 | D:6      | Found a runed translucent gate.
  2833 | D:6      | Found a runed translucent gate.
  3056 | D:6      | Reached skill level 13 in Axes
  3134 | D:6      | Found Aqiza's Antique Armour Emporium.
  3141 | D:6      | Bought a runed cloak for 172 gold pieces
  3580 | D:6      | Got an encrusted hand axe
  3581 | D:6      | Identified the +7 hand axe of Sloth {drain, Int+3} (You
                  | found it on level 6 of the Dungeon)
  3854 | D:7      | Found a white marble altar of Elyvilon.
  3858 | D:7      | Reached skill level 5 in Fighting
  3980 | D:8      | Reached *** piety under Makhleb
  4009 | D:8      | Found a transporter.
  4010 | D:8      | Found a transporter.
  4012 | D:8      | Noticed a slime creature
  4013 | D:8      | Noticed a slime creature
  4013 | D:8      | Noticed a slime creature
  4013 | D:8      | Noticed a slime creature
  4024 | D:8      | Found a shimmering altar of Xom.
  4110 | D:8      | Found a basalt altar of Yredelemnul.
  4154 | D:8      | Reached skill level 5 in Shields
  4192 | D:8      | Noticed a slime creature
  4200 | D:8      | Noticed a slime creature
  4200 | D:8      | Noticed a slime creature
  4201 | D:8      | Noticed a slime creature
  4262 | D:8      | Reached skill level 5 in Armour
  4270 | D:8      | Noticed a hippogriff
  4282 | D:8      | Killed a hippogriff
  4282 | D:8      | Gained mutation: You passively map the area around you.
                  | [Deep Dwarf growth]
  4282 | D:8      | Reached XP level 9. HP: 81/81 MP: 10/10
  4677 | D:8      | Got a crude gossamer ring
  4858 | D:8      | Identified the ring "Iryfib" {rPois rF+ MR- Str+6 Slay+3}
                  | (You found it on level 8 of the Dungeon)
  4917 | D:9      | Noticed a troll
  4919 | D:9      | Reached **** piety under Makhleb
  4923 | D:9      | Killed a troll
  4930 | D:9      | Noticed a green ugly thing
  4932 | D:9      | Found a hide-covered altar of Uskayaw.
  4944 | D:9      | Killed a green ugly thing
  4944 | D:9      | Reached skill level 5 in Invocations
  4986 | D:9      | Noticed Maggie
  5025 | D:9      | Killed Maggie
  5077 | D:9      | Found a basalt altar of Yredelemnul.
  5077 | D:9      | Noticed Joseph
  5091 | D:9      | Killed Joseph
  5091 | D:9      | Reached XP level 10. HP: 89/92 MP: 11/13
  5543 | D:10     | Entered Level 10 of the Dungeon
  5572 | D:10     | Killed an unseen horror
  5604 | D:10     | Reached ***** piety under Makhleb
  5620 | D:10     | Noticed Harold
  5638 | D:10     | Killed Harold
  5649 | D:10     | Noticed Grum
  5655 | D:10     | Noticed an elephant
  5671 | D:10     | Killed an elephant
  5707 | D:10     | Reached XP level 11. HP: 102/102 MP: 13/15
  5709 | D:10     | Killed Grum
  5813 | D:10     | Found a staircase to the Lair.
  6200 | Lair:1   | Entered Level 1 of the Lair of Beasts
  6394 | Lair:2   | Reached skill level 14 in Axes
  7183 | Lair:3   | Noticed a seven-headed hydra
  7188 | Lair:3   | Noticed a seven-headed hydra
  7206 | Lair:3   | Killed an eight-headed hydra
  7208 | Lair:3   | Killed an 11-headed hydra
  7644 | Lair:3   | Noticed a six-headed hydra
  7653 | Lair:3   | Killed a ten-headed hydra
  7703 | Lair:3   | Reached XP level 12. HP: 114/114 MP: 17/17
  7847 | Lair:3   | Found a staircase to the Swamp.
  8079 | Lair:4   | Noticed a death yak
  8098 | Lair:4   | Killed a death yak
  8098 | Lair:4   | Reached skill level 15 in Axes
  8204 | Lair:4   | Identified the Reference Book on Ensnaring Necromancy
  8254 | Lair:4   | Found a hole to the Spider Nest.
  8580 | Lair:4   | Reached skill level 10 in Fighting
  8672 | Lair:4   | Reached ****** piety under Makhleb
  9155 | D:12     | Noticed Rupert
  9158 | D:12     | Paralysed by Rupert for 2 turns
  9181 | D:12     | Killed Rupert
  9257 | D:12     | Reached XP level 13. HP: 124/124 MP: 19/19
  9404 | D:12     | Found a staircase to the Orcish Mines.
  9851 | D:14     | Found a runed translucent gate.
  9851 | D:14     | Found a runed translucent gate.
  9851 | D:14     | Found a runed translucent gate.
  9851 | D:14     | Noticed Wociock's ghost (journeyman DgWz)
  9851 | D:14     | Noticed Ograne's ghost (journeyman GrGl)
  9851 | D:14     | Noticed Cicylist's ghost (journeyman FoFi)
  9851 | D:14     | Noticed Cown's ghost (journeyman TrHu)
  9938 | D:14     | Reached skill level 10 in Invocations
  9964 | D:14     | Found a gate leading to a gauntlet.
 10012 | Gauntlet | Entered a Gauntlet
 10012 | Gauntlet | Found a transporter.
 10012 | Gauntlet | Found a transporter.
 10016 | Gauntlet | Found a transporter.
 10016 | Gauntlet | Found a transporter.
 10025 | Gauntlet | Found a transporter.
 10036 | Gauntlet | Found a transporter.
 10044 | Gauntlet | Found a transporter.
 10044 | Gauntlet | Noticed a death ooze
 10046 | Gauntlet | Found a transporter.
 10050 | Gauntlet | Found a transporter.
 10056 | Gauntlet | Found a transporter.
 10086 | Gauntlet | Found a transporter.
 10110 | Gauntlet | Found a transporter.
 10146 | Gauntlet | Found a transporter.
 10162 | Gauntlet | Found a transporter.
 10262 | Gauntlet | Found a transporter.
 10283 | Gauntlet | Found a transporter.
 10374 | Gauntlet | Reached skill level 1 in Evocations
 10581 | Gauntlet | Got a twitching iron ring
 10651 | Gauntlet | Identified the +7 glaive of Arbitration {freeze, rElec
                  | Stlth+}
 10651 | Gauntlet | Noticed a minotaur
 10677 | Gauntlet | Killed a minotaur
 10733 | D:14     | Identified the ring of Doubts {rPois rN+ Stlth+} (You found
                  | it in a Gauntlet)
 10774 | D:14     | Reached skill level 16 in Axes
 10780 | D:14     | Identified a scroll of acquirement
 11065 | D:14     | Found Dehuanet's Magic Scroll Boutique.
 11073 | D:14     | Bought a scroll of blinking for 75 gold pieces
 11181 | D:14     | Found a gate to the Vaults.
 11552 | D:15     | Entered Level 15 of the Dungeon
 11594 | D:15     | Found a staircase to the Depths.
 11594 | D:15     | Noticed a dire elephant
 11611 | D:15     | Killed a dire elephant
 11628 | D:15     | Reached skill level 10 in Armour
 11664 | D:15     | Gained mutation: You resist negative energy. (rN+) [Deep
                  | Dwarf growth]
 11664 | D:15     | Reached XP level 14. HP: 135/135 MP: 19/19
 11723 | D:15     | Reached skill level 10 in Shields
 11906 | Spider:1 | Entered Level 1 of the Spider Nest
 12084 | Spider:2 | Reached skill level 5 in Evocations
 12591 | Spider:3 | Killed a ghost moth
 12719 | Spider:3 | Reached skill level 17 in Axes
 12865 | Spider:4 | Entered Level 4 of the Spider Nest
 12880 | Spider:4 | Paralysed by a hornet for 3 turns
 13281 | Spider:4 | Noticed an entropy weaver
 13281 | Spider:4 | Noticed an entropy weaver
 13299 | Spider:4 | Killed an entropy weaver
 13299 | Spider:4 | Reached XP level 15. HP: 146/146 MP: 18/18
 13772 | Spider:4 | Killed a ghost moth
 13806 | Spider:4 | Killed a ghost moth
 13861 | Spider:4 | Killed a ghost moth
 13877 | Spider:4 | Killed a ghost moth
 13886 | Spider:4 | Got a gossamer rune of Zot
 14145 | Spider:4 | Reached skill level 18 in Axes
 14452 | Swamp:1  | Entered Level 1 of the Swamp
 14880 | Swamp:4  | Entered Level 4 of the Swamp
 14948 | Swamp:4  | Found the +6 shillelagh "Devastator" {shatter}
 14978 | Swamp:4  | Noticed a thorn hunter
 14997 | Swamp:4  | Killed a thorn hunter
 14997 | Swamp:4  | Reached XP level 16. HP: 113/157 MP: 20/20
 15310 | Swamp:4  | Got a decaying rune of Zot
 15338 | Swamp:4  | Got a heavily runed helmet
 15344 | Swamp:4  | Identified the +3 helmet of Mirecsapp {Str+4} (You found it
                  | on level 4 of the Swamp)
 15754 | Vaults:1 | Entered Level 1 of the Vaults
 16157 | Vaults:2 | Noticed an ancient champion
 16157 | Vaults:2 | Noticed Sojobo
 16169 | Vaults:2 | Noticed Asterion
 16189 | Vaults:2 | HP: 1/160 [ancient champion/+2 vorpal great mace (28)]
 16189 | Vaults:2 | Slain by an ancient champion

Illustrated notes

Levels and vault maps discovered:
D:1:      lightli_arrival_isolated_outpost, layout_loops_ring
D:2:      layout_rooms, lemuel_doored_altar, chequers_ecumenical_altar_simple,
          first_ration, lexackson_kobold_supper
D:3:      minmay_general_purpose_star, layout_rooms,
          lemuel_zombie_altar_kikubaaqudgha, lemuel_tele_altar
D:4:      layout_rooms, kennysheep_mini, overflow_temple_1_default,
          uniq_menkaure
D:5:      layout_loops_ring, grunt_temple_overflow_order_and_chaos_1,
          vehumet_altar_wand_db, portal_sewer_entry_d, wad_floor_pattern_2,
          eino_curves_02, kennysheep_opposing_triangles
D:6:      layout_loops_corners, gammafunk_ghost_split, serial_shops,
          shop_fountains
D:7:      minmay_polygon_palace, layout_gridville, elyvilon_altar_3,
          minmay_temple_entry_hall, uniq_prince_ribbit1
D:8:      gammafunk_jiyva_shrine, layout_loops_ring,
          yredelemnul_forgotten_temple_becter, basic_altar
D:9:      layout_roguey, basic_altar, minmay_ruined_shrine, uniq_maggie,
          uniq_joseph
D:10:     layout_basic, david_lair_generic, uniq_harold, uniq_grum
D:11:     layout_roguey [special_room_orc]
D:12:     layout_cave_pools, orc_0_dummy, uniq_rupert
D:13:     layout_basic
D:14:     layout_long_grid, hangedman_vaults_entry_quadrant_bands,
          gauntlet_entry_generic, minmay_fountain_box, gammafunk_ghost_cemetery,
          serial_shops, nicolae_shop_statue_plus, grunt_ogre_cave
D:15:     hangedman_depths_entry_try_elsewhere_first, layout_small_grid,
          cheibriados_altar_1, minivault_25_ag
Lair:1:   layout_cave_pods, st_stairs_4, serial_bayou_shore_a,
          grunt_megastairs_3
Lair:2:   layout_regular_city, grunt_megastairs_1
Lair:3:   layout_hall_layers, palyth_hydra_swamp_entry
Lair:4:   regret_index_tunnel_blossom, layout_small_grid,
          spider_nest_entry_web_field
Swamp:1:  layout_basic_swamp, hangedman_swamp_lotus
Swamp:2:  layout_falls_marsh, nicolae_swamp_little_tower
Swamp:3:  layout_basic_swamp, evilmike_swamp_ruin_house_3
Swamp:4:  swamp_icy, layout_basic_swamp
Spider:1: layout_spider_delve
Spider:2: layout_spider_delve, hangedman_spider_tarantella_strand,
          nicolae_spider_cling_halls
Spider:3: layout_spider_delve
Spider:4: grunt_spider_rune_circles, minmay_another_anthill
Vaults:1: nicolae_vaults_puzzle_piece, vaults_dpeg_encased_lava,
          nicolae_vaults_ninety_degrees, kennysheep_vaults_gozag_temple,
          hangedman_vaults_capsules, ontoclasm_vaults_eye,
          nicolae_vaults_border_crossing, v_pattern_1, nicolae_vaults_rhombus_6,
          layout_vaults_big_room, uniq_donald
Vaults:2: ontoclasm_vaults_chip, ontoclasm_vaults_pinch,
          vaults_room_ringed_pool, minmay_crypt_entry_necro_gods, v_rooms_3,
          nicolae_vaults_yaktaur_gun_rack, hangedman_vaults_slither,
          ontoclasm_vaults_ring_square, sword_in_stone, v_misc_22,
          vaults_standard_mumra_enter_the_diamond, ontoclasm_vaults_gateway,
          ontoclasm_vaults_decontamination, hangedman_vaults_maws,
          nicolae_vaults_big_angled_halls, layout_vaults_maze

Skill      XL: |  1  2  3  4  5  6  7  8  9 10 11 12 13 14 15 16 |
---------------+-------------------------------------------------+-----
Fighting       | 3 4 5 6 7 9 10 11 12 13 14 | 14.3
Axes           | 3 12 13 14 15 16 17 18 | 18.0
Invocations    | 1 2 3 5 6 8 9 10 11 13 | 13.9
Shields        | 4 5 6 7 9 10 11 12 | 12.5
Armour         | 4 5 6 8 9 10 11 12 | 12.6
Evocations     | 4 6 |  6.0

Action                   |  1- 3 |  4- 6 |  7- 9 | 10-12 | 13-15 | 16-18 || total
-------------------------+-------+-------+-------+-------+-------+-------++-------
Melee: War axe           |    88 |   165 |   163 |       |       |       ||   416
       Hand axe          |       |       |   201 |   576 |   149 |       ||   926
       Unarmed           |       |       |    18 |       |       |       ||    18
       Broad axe         |       |       |       |       |  1069 |   302 ||  1371
Invok: Lesser Servant of |       |       |       |     6 |     7 |       ||    13
       Greater Servant o |       |       |       |       |     3 |     2 ||     5
 Abil: Heal Wounds       |     1 |     4 |     4 |     6 |    22 |     6 ||    43
Evoke: Wand              |       |       |       |     1 |     8 |       ||     9
       Tin of tremorston |       |       |       |       |     6 |       ||     6
  Use: Scroll            |     2 |     5 |     6 |       |    19 |     1 ||    33
       Potion            |       |     1 |       |     2 |    10 |     1 ||    14
 Stab: Distracted        |       |       |       |     1 |     4 |       ||     5
       Invisible         |       |       |       |       |     2 |       ||     2
       Paralysed         |       |       |       |       |     4 |       ||     4
       Held in net/web   |       |       |       |       |     2 |       ||     2
  Eat: Chunk             |       |     3 |    11 |    14 |    11 |       ||    39
       Ration            |       |       |       |       |     3 |     1 ||     4
Armor: Scale mail        |    22 |       |       |       |       |       ||    22
       Chain mail        |    10 |       |       |       |       |       ||    10
       Plate armour      |    14 |    82 |   159 |   284 |  1153 |   196 ||  1888
       Skin              |       |       |       |       |    70 |       ||    70
Dodge: Dodged            |    23 |    31 |    46 |   110 |   389 |    79 ||   678
Block: Kite shield       |    37 |    82 |   128 |   268 |  1017 |   220 ||  1752
